 Dungeon Crawl Stone Soup version 0.28.0-53-g5a82cb258f (webtiles) character file.

Game seed: 3257473355986609577

5948 firemarshallily the Basher (level 10, -6/94 HPs)
             Began as a Minotaur Gladiator on June 14, 2022.
             Was an Initiate of Gozag.
             Mangled by a two-headed ogre
             ... wielding a +0 giant club
              (18 damage)
             ... on level 9 of the Dungeon.
             The game lasted 00:29:32 (9151 turns).

firemarshallily the Basher (Minotaur Gladiator)     Turns: 9151, Time: 00:29:32

Health: -6/94      AC: 16    Str: 23    XL:     10   Next: 54%
Magic:  0/9        EV: 12    Int:  5    God:    Gozag
Gold:   1956       SH:  0    Dex: 12    Spells: 9/9 levels left

rFire   . . .      SeeInvis .   a - +3 flail (freeze)
rCold   . . .      Faith    .   (no shield)
rNeg    . . .      Spirit   +   m - +0 ring mail
rPois   .          Reflect  .   c - +2 hat
rElec   .          Harm     .   v - +2 cloak
rCorr   +          Rampage  .   (no gloves)
Will    .....                   e - +2 pair of boots {Stlth+}
Stlth   ++........              g - amulet of guardian spirit
HPRegen 0.25/turn               q - ring of resist corrosion
MPRegen 0.11/turn               (no ring)

@: mighty, gold aura
A: horns 2, retaliatory headbutt
a: Renounce Religion, Potion Petition, Call Merchant, Bribe Branch


You were on level 9 of the Dungeon.
You worshipped Gozag.
Gozag was most pleased with you.
You visited 1 branch of the dungeon, and saw 10 of its levels.
You also visited: Ossuary.

You collected 1956 gold pieces.

Inventory:

Hand Weapons
 a - a +3 flail of freezing (weapon)
Missiles
 d - 7 throwing nets
 f - 114 stones
 j - 5 poisoned darts (quivered)
 k - 6 boomerangs
 l - 3 silver javelins
Armour
 c - a +2 hat (worn)
 e - a +2 pair of boots of stealth (worn)
 m - a +0 ring mail (worn)
 o - a +0 kite shield
 v - a +2 cloak (worn)
Jewellery
 g - an amulet of guardian spirit (around neck)
 q - a ring of resist corrosion (left hand)
Wands
 s - a wand of polymorph (8)
 t - a wand of acid (5)
 w - a wand of iceblast (11)
 y - a wand of charming (3)
Scrolls
 b - 5 scrolls of teleportation
 u - a scroll of blinking
 z - a scroll of fog
Potions
 h - 2 potions of mutation
 i - 2 potions of brilliance
 p - a potion of curing
 x - a potion of attraction


   Skills:
 * Level 10.9 Fighting
 * Level 11.3 Maces & Flails
 - Level 3.0 Throwing
 + Level 10.5 Armour
 - Level 5.0 Dodging


You had 9 spell levels left.
You didn't know any spells.
Your spell library contained the following spells:

 Spells                   Type           Power      Damage    Failure   Level
 Animate Skeleton         Necr           0%         N/A       58%         1
 Pain                     Necr           0%         1d4       58%         1
 Corpse Rot               Necr/Air       0%         N/A       75%         2
 Vampiric Draining        Necr           0%         2d6       92%         3
 Airstrike                Air            0%         N/A       100%        4
 Dispel Undead            Necr           0%         3d6       100%        4
 Summon Lightning Spire   Summ/Air       0%         N/A       100%        4
 Lightning Bolt           Conj/Air       0%         1d11      100%        5
 Death Channel            Necr           0%         N/A       100%        6


Dungeon Overview and Level Annotations

Branches:
Dungeon (10/15)            Temple (0/1) D:7            Lair (0/6) D:8
Ossuary (visited)
    Orc: D:9-12

Altars:
Gozag
Xom

Annotations:
D:7 1 runed translucent door, arlandor's ghost, novice DjFE
D:8 2 runed translucent doors


Innate Abilities, Weirdness & Mutations

You have a pair of horns on your head.
You reflexively headbutt those who attack you in melee.


Message History

The two-headed ogre hits you with a +0 giant club!
The two-headed ogre barely misses you.
You hit the two-headed ogre but do no damage.
The two-headed ogre is moderately wounded.
Unknown command.
You hit the two-headed ogre. You freeze the two-headed ogre.
You headbutt the two-headed ogre!
The two-headed ogre is heavily wounded.
You hit the two-headed ogre. You freeze the two-headed ogre.
The two-headed ogre is severely wounded.
The two-headed ogre hits you with a +0 giant club!!
The two-headed ogre hits you with a +0 giant club.
You thump the two-headed ogre! You freeze the two-headed ogre.
Your headbutt misses the two-headed ogre.
The two-headed ogre is almost dead.
You bludgeon the two-headed ogre!! You freeze the two-headed ogre.
You kill the two-headed ogre!
The centaur shoots an arrow.
The arrow hits you.
Your Maces & Flails skill increases to level 11!
You feel very mighty all of a sudden.
The two-headed ogre hits you with a +0 giant club!!
The two-headed ogre hits you but does no damage.
You barely miss the two-headed ogre.
The two-headed ogre hits you but does no damage.
The two-headed ogre hits you with a +0 giant club!
You hit the two-headed ogre. You freeze the two-headed ogre.
Your headbutt misses the two-headed ogre.
The two-headed ogre is lightly wounded.
You hit the two-headed ogre. You freeze the two-headed ogre.
Your headbutt misses the two-headed ogre.
The two-headed ogre is moderately wounded.
The two-headed ogre hits you with a +0 giant club!!
* * * LOW HITPOINT WARNING * * *
The two-headed ogre barely misses you.
You feel better.
The two-headed ogre hits you with a +0 giant club!
* * * LOW HITPOINT WARNING * * *
The two-headed ogre hits you with a +0 giant club!!
You die...
Your body crumbles into a pile of gold.

.## #........###..##...#### .#
#####.#.#.................. ##
#.....#.#####..####.##...##
#######.#####.#####.#####.####.#
##......# #..#.... #...####.#
...#..########...## #........#
..................#####..#######
############..............#
....######...###@##.....#.## #
.##..........# #O#..#.###..## #
.####........###c..... ##..# #
.# #...<.......((... ##.## # ..
#...^....#..(.... #..####
.............#..(.... ##..#..
###...########........ ##...#
###.# #......... ##### #.#


You could see a two-headed ogre and a centaur.

Vanquished Creatures
  Harold (D:10)
  A two-headed ogre (D:9)
  Pikel (D:4)
  A wyvern (D:7)
  4 yaks (D:9)
  Menkaure (D:6)
  Duvessa (D:5)
  2 water moccasins
  An orc warrior (D:8)
  An ice beast (D:6)
  2 black bears
  A sky beast (D:7)
  A necrophage (D:5)
  An ogre (D:5)
  2 centaurs
  2 lemures (D:4)
  A phantom (D:5)
  2 kobold brigands
  An elf zombie (Ossuary)
  6 bullfrogs
  A scorpion (D:5)
  A wyvern skeleton (D:7)
  Dowan (D:5)
  The ghost of issech the Chopper, a weakling MiMo (D:5)
  A water moccasin skeleton (D:4)
  10 wights
  A howler monkey (D:5)
  3 centaur zombies
  A bullfrog zombie (D:6)
  4 orc priests
  Crazy Yiuf (D:5)
  3 centaur skeletons
  2 human zombies (Ossuary)
  A jelly (D:5)
  2 hounds
  Ijyb (D:5)
  Jessica (D:2)
  4 orc wizards
  3 iguanas
  2 hound skeletons
  2 mummies (Ossuary)
  A howler monkey zombie (D:9)
  4 gnolls (D:7)
  A howler monkey skeleton (D:5)
  3 adders
  A shadow imp (D:5)
  An ufetubus (D:6)
  3 adder skeletons (D:4)
  2 worms (D:2)
  4 dart slugs
  16 orcs
  7 ball pythons
  8 bats
  8 endoplasms
  2 giant cockroaches (D:2)
  7 goblins
  5 hobgoblins
  10 jackals
  17 kobolds
  3 quokkas
  3 frilled lizards
  11 hobgoblin zombies (Ossuary)
  A jackal zombie (Ossuary)
  13 kobold zombies (Ossuary)
  4 orc zombies (Ossuary)
  3 rats
  3 rat zombies (Ossuary)
220 creatures vanquished.

Vanquished Creatures (others)
  11 plants (D:2)
  2 withered plants (D:5)
13 creatures vanquished.

Grand Total: 233 creatures vanquished

Notes
Turn   | Place    | Note
-------+----------+-------------------------------------------
     0 | D:1      | firemarshallily the Minotaur Gladiator began the quest for
                  | the Orb.
     0 | D:1      | Reached XP level 1. HP: 18/18 MP: 0/0
    56 | D:1      | Found a faded altar of an unknown god.
    61 | D:1      | Prayed at the altar of an unknown god.
    61 | D:1      | Became a worshipper of Gozag Ym Sagoz the Greedy
   344 | D:1      | Reached XP level 2. HP: 25/25 MP: 1/1
   491 | D:1      | Reached skill level 1 in Armour
   620 | D:1      | Reached skill level 4 in Maces & Flails
   626 | D:1      | Reached XP level 3. HP: 30/30 MP: 2/2
  1452 | D:2      | Reached XP level 4. HP: 38/38 MP: 3/3
  1525 | D:2      | Noticed Jessica
  1535 | D:2      | Killed Jessica
  1547 | D:2      | Found a shimmering altar of Xom.
  2785 | D:4      | Noticed a lemure
  2785 | D:4      | Noticed a lemure
  2786 | D:4      | Noticed Pikel
  2848 | D:4      | Found a shimmering altar of Xom.
  3285 | D:4      | Reached XP level 5. HP: 42/46 MP: 4/4
  3526 | D:4      | Noticed a lemure
  3557 | D:4      | Killed a lemure
  3563 | D:4      | Killed a lemure
  3647 | D:4      | Reached XP level 6. HP: 30/52 MP: 3/5
  3833 | D:5      | Entered Level 5 of the Dungeon
  3847 | D:5      | Reached skill level 5 in Maces & Flails
  4274 | D:5      | Reached skill level 5 in Dodging
  4277 | D:5      | Reached skill level 5 in Fighting
  4277 | D:5      | Reached XP level 7. HP: 52/61 MP: 6/6
  4351 | D:5      | Noticed Ijyb
  4360 | D:5      | Killed Ijyb
  4519 | D:5      | Reached skill level 6 in Maces & Flails
  4544 | D:5      | Reached skill level 5 in Armour
  4803 | D:5      | Found a runed translucent door.
  4804 | D:5      | Noticed Crazy Yiuf
  4811 | D:5      | Killed Crazy Yiuf
  4887 | D:5      | Noticed issech's ghost (weakling MiMo)
  4888 | D:5      | Found a runed translucent door.
  4902 | D:5      | Killed issech's ghost
  4983 | D:5      | Reached XP level 8. HP: 70/70 MP: 7/7
  4994 | D:5      | Noticed Dowan
  5000 | D:5      | Noticed Duvessa
  5012 | D:5      | Killed Duvessa
  5012 | D:5      | Killed Dowan
  5013 | D:5      | Reached skill level 7 in Maces & Flails
  5408 | D:4      | Killed Pikel
  5409 | D:4      | Reached skill level 8 in Maces & Flails
  5865 | D:6      | Noticed Menkaure
  5872 | D:6      | Killed Menkaure
  6007 | D:6      | Reached XP level 9. HP: 81/81 MP: 8/8
  6441 | D:7      | Reached skill level 9 in Maces & Flails
  6683 | D:7      | Found a staircase to the Ecumenical Temple.
  6884 | D:7      | Found a runed translucent door.
  6899 | D:7      | Noticed a komodo dragon
  6900 | D:7      | Noticed arlandor's ghost (novice DjFE)
  7186 | D:8      | Found Alimu's Antique Weapon Shoppe.
  7216 | D:8      | Identified the +8 dagger of Guodwumn {chaos, +Blink rCorr
                  | Int+2}
  7216 | D:8      | Identified the +4 robe of Peek-a-Boo {rC+ Will+ rCorr
                  | Slay+2}
  7216 | D:8      | Noticed a kobold demonologist
  7216 | D:8      | Noticed a purple ugly thing
  7402 | D:8      | Found a staircase to the Lair.
  7437 | D:8      | Found a sand-covered staircase.
  7444 | Ossuary  | Entered an ossuary
  7726 | Ossuary  | Reached skill level 10 in Maces & Flails
  7970 | D:8      | You fall into a shaft and drop 2 floors!
  7970 | D:10     | Entered Level 10 of the Dungeon
  8032 | D:10     | Noticed Harold
  8045 | D:10     | Killed Harold
  8046 | D:10     | Reached skill level 10 in Fighting
  8046 | D:10     | Reached XP level 10. HP: 28/93 MP: 2/9
  8503 | D:9      | Reached skill level 10 in Armour
  8666 | D:8      | Found a large runed translucent door.
  8666 | D:8      | Found a large runed translucent door.
  8682 | D:8      | Noticed a brown ugly thing
  8770 | D:8      | Found a shimmering altar of Xom.
  9134 | D:9      | Noticed a two-headed ogre
  9138 | D:9      | Noticed a two-headed ogre
  9146 | D:9      | Killed a two-headed ogre
  9147 | D:9      | Reached skill level 11 in Maces & Flails
  9151 | D:9      | Mangled by a two-headed ogre

Illustrated notes

Levels and vault maps discovered:
D:1:      nicolae_arrival_memento_mori, layout_loops_ring,
          dreamdust_ecumenical_altar_statues
D:2:      minmay_evil_eye, layout_rooms, serial_forest,
          infiniplex_forest_end_double, infiniplex_forest_fountain,
          infiniplex_forest_corner_2, infiniplex_forest_clump_diagonal,
          infiniplex_forest_clump_medium, infiniplex_forest_clump_cross,
          infiniplex_forest_fountain, infiniplex_forest_clump_small,
          infiniplex_forest_zigzag_1, infiniplex_forest_side_room, basic_altar,
          uniq_jessica
D:3:      layout_basic
D:4:      layout_layer_cave, amcnicky_altar_gilded, kennysheep_boxes, uniq_pikel
D:5:      layout_basic, gammafunk_ghost_grave, minivault_19, uniq_ijyb,
          uniq_duvessa, uniq_crazy_yiuf_cottage
D:6:      layout_loops_ring, uniq_menkaure
D:7:      layout_basic, minmay_temple_entry_waves, ebering_ghost_inner_flame
D:8:      due_chaos_kobolds, layout_basic, lair_entry_dummy,
          chequers_ossuary_entry_cave, serial_shops, nicolae_lakefront_shop
D:9:      layout_rooms, serial_shops, nicolae_shop_statue_plus,
          ebering_ghost_reflecting_pool
D:10:     layout_loops_corners, serial_shops, nicolae_shop_bloodbath_and_beyond,
          serial_rivers, chequers_serial_rivers_small_b,
          chequers_serial_rivers_micro_e, chequers_serial_rivers_micro_e,
          chequers_serial_rivers_micro_a, chequers_serial_rivers_room_a,
          chequers_serial_rivers_micro_d, uniq_harold

Skill      XL: |  1  2  3  4  5  6  7  8  9 10 |
---------------+-------------------------------+-----
Armour         | 1 2 3 4 5 7 9 10 | 10.5
Maces & Flails | 4 5 6 8 10 11 | 11.3
Fighting       | 3 4 5 6 8 10 | 10.9
Dodging        | 4 5 |  5.0
Throwing       | 3 |  3.0

Action                   |  1- 3 |  4- 6 |  7- 9 | 10-12 || total
-------------------------+-------+-------+-------+-------++-------
Melee: Flail             |    83 |   121 |   283 |    75 ||   562
       Headbutt          |    12 |    29 |    58 |    13 ||   112
       Punch             |       |     1 |     2 |     2 ||     5
Throw: Throwing net      |     2 |       |       |       ||     2
       Stone             |     1 |       |       |       ||     1
       Dart              |       |       |       |     5 ||     5
  Use: Scroll            |     5 |     1 |    11 |     4 ||    21
       Potion            |       |       |     1 |     2 ||     3
 Stab: Sleeping          |     3 |     3 |     3 |       ||     9
       Distracted        |       |       |     2 |       ||     2
Armor: Leather armour    |    20 |    13 |       |       ||    33
       Ring mail         |       |    37 |    96 |    30 ||   163
Dodge: Dodged            |    55 |    88 |   167 |    45 ||   355
